A+ - U26
HIGH DESERT MAVERICKS @ SONOMA STOMPERS
04/08/2053
 
TOP OF THE 1ST
High Desert Mavericks batting - Pitching for Sonoma Stompers : RHP Shannon Newkirk
Pitching: RHP Shannon Newkirk
Batting: RHB Paxton Parham 0-0: Called Strike
0-1: Swinging Strike
0-2: Ball
1-2: Foul Ball, location: 2F
1-2: Fly out, F3 (Popup, 3, EV 63.1 MPH)
Batting: RHB Mitch McGrath 0-0: SINGLE (Line Drive, 9LS, EV 96.9 MPH)
Batting: SHB Hudson Donlin 0-0: Ball
1-0: Grounds into double play, 5-4-3 (Groundball, 56, EV 76.9 MPH)
Top of the 1st over - 0 runs, 1 hit, 0 errors, 0 left on base; High Desert 0 - Sonoma 0
BOTTOM OF THE 1ST
Sonoma Stompers batting - Pitching for High Desert Mavericks : RHP Colton Verser
Pitching: RHP Colton Verser
Batting: RHB Ted Miller 0-0: Ball
1-0: Ball
2-0: Ball
3-0: Base on Balls
Batting: RHB Mathew Welch 0-0: Ball
1-0: Called Strike
1-1: Swinging Strike
1-2: Strikes out swinging
Batting: RHB Jeremy Arevalo 0-0: Called Strike
0-1: Foul Ball, location: 5F
0-2: SINGLE (Line Drive, 89S, EV 85.0 MPH)
Ted Miller to second
Batting: RHB Leandro Guzman 0-0: Foul Ball, location: 9LSF
0-1: Grounds into double play, 5-4-3 (Groundball, 56S, EV 89.4 MPH)
Bottom of the 1st over - 0 runs, 1 hit, 0 errors, 1 left on base; High Desert 0 - Sonoma 0
TOP OF THE 2ND
High Desert Mavericks batting - Pitching for Sonoma Stompers : RHP Shannon Newkirk
Batting: LHB Ricky Andreucci 0-0: SINGLE (Flyball, 9LS, EV 85.0 MPH)
Batting: LHB E.J. Abed 0-0: Called Strike
0-1: Fly out, F8 (Flyball, 8LD, EV 99.4 MPH)
Batting: RHB Otis Beverly 0-0: Ball
1-0: Called Strike
1-1: Foul Ball, location: 7LSF
1-2: Foul Ball, location: 2F
1-2: Foul Ball, location: 9LMF
1-2: Fielders Choice at 2nd, 6-4 (Groundball, 56, EV 79.4 MPH)
Batting: LHB Arwin Lee 0-0: Ball
1-0: SINGLE (Groundball, 5D, EV 98.1 MPH)
Otis Beverly to second
Batting: RHB Gunner Fleury 0-0: Foul Ball, location: 2F
0-1: Called Strike
0-2: Ball
1-2: Ball
2-2: Ball
3-2: Ground out 6-3 (Groundball, 56, EV 99.4 MPH)
Top of the 2nd over - 0 runs, 2 hits, 0 errors, 2 left on base; High Desert 0 - Sonoma 0
BOTTOM OF THE 2ND
Sonoma Stompers batting - Pitching for High Desert Mavericks : RHP Colton Verser
Batting: RHB Oscar Liriano 0-0: Called Strike
0-1: Foul Ball, location: 2F
0-2: Ball
1-2: Foul Ball, location: 25F
1-2: Ground out 4-3 (Groundball, 4, EV 98.8 MPH)
Batting: RHB Jonny Souza 0-0: Foul Ball, location: 25F
0-1: Swinging Strike
0-2: Foul Ball, location: 5FF
0-2: Fly out, F4 (Line Drive, 4M, EV 63.1 MPH)
Batting: RHB Bernard Boyd 0-0: Ball
1-0: Ball
2-0: Ground out 6-3 (Groundball, 6, EV 105.6 MPH)
Bottom of the 2nd over - 0 runs, 0 hits, 0 errors, 0 left on base; High Desert 0 - Sonoma 0
TOP OF THE 3RD
High Desert Mavericks batting - Pitching for Sonoma Stompers : RHP Shannon Newkirk
Batting: LHB Judite Elizondo 0-0: Ball
1-0: Ground out 5-3 (Groundball, 5, EV 82.5 MPH)
Batting: RHB Paxton Parham 0-0: Called Strike
0-1: Ball
1-1: Swinging Strike
1-2: Strikes out swinging
Batting: RHB Mitch McGrath 0-0: Ball
1-0: Called Strike
1-1: Swinging Strike
1-2: Hit by Pitch
Batting: SHB Hudson Donlin 0-0: Ball
1-0: Ball
2-0: Fly out, F7 (Line Drive, 7, EV 101.3 MPH)
Top of the 3rd over - 0 runs, 0 hits, 0 errors, 1 left on base; High Desert 0 - Sonoma 0
BOTTOM OF THE 3RD
Sonoma Stompers batting - Pitching for High Desert Mavericks : RHP Colton Verser
Batting: SHB Minnie Campbell 0-0: SINGLE (Flyball, 8RS, EV 96.3 MPH)
Batting: LHB Juan Granados 0-0: Ball
1-0: Sac Bunt to 3S - play at first, batter OUT! 3-1
Minnie Campbell to second
Batting: RHB Ted Miller 0-0: Called Strike
0-1: Ball
1-1: Foul Ball, location: 25F
1-2: Foul Ball, location: 2F
1-2: Ball
2-2: Ball
3-2: Base on Balls
Batting: RHB Mathew Welch 0-0: Called Strike
0-1: Ball
1-1: Ball
2-1: Ball
3-1: Base on Balls
Minnie Campbell to third
Ted Miller to second
Batting: RHB Jeremy Arevalo 0-0: Fly out, F9 (Flyball, 9, EV 85.0 MPH)
Runner from 3rd tags up, SCORES, no throw by RF
Batting: RHB Leandro Guzman 0-0: Ball
1-0: Called Strike
1-1: SINGLE (Groundball, 34D, EV 109.4 MPH)
Ted Miller to third
Mathew Welch to second
Runner from 3rd tries for Home, SAFE, throw by RF to home
Batting: RHB Oscar Liriano 0-0: Called Strike
0-1: Swinging Strike
0-2: Foul Ball, location: 25F
0-2: Ball
1-2: Strikes out swinging
Bottom of the 3rd over - 2 runs, 2 hits, 0 errors, 2 left on base; High Desert 0 - Sonoma 2
TOP OF THE 4TH
High Desert Mavericks batting - Pitching for Sonoma Stompers : RHP Shannon Newkirk
Batting: LHB Ricky Andreucci 0-0: Ball
1-0: Foul Ball, location: 25F
1-1: Swinging Strike
1-2: Ball
2-2: Ball
3-2: Foul Ball, location: 25F
3-2: DOUBLE (Flyball, 8RXD, EV 97.5 MPH)
Batting: LHB E.J. Abed 0-0: Called Strike
0-1: Foul Ball, location: 23F
0-2: Ball
1-2: Ball
2-2: Foul Ball, location: 2LF
2-2: SINGLE (Line Drive, 7LS, EV 98.1 MPH)
Ricky Andreucci to third
Batting: RHB Otis Beverly 0-0: Ball
1-0: Fly out, F5 (Popup, 5S, EV 73.1 MPH)
Batting: LHB Arwin Lee 0-0: Called Strike
0-1: Ball
1-1: Ball
2-1: Ball
E.J. Abed steals 2nd base
3-1: Foul Ball, location: 2F
3-2: Reached on error, E6 (Groundball, 6, EV 81.3 MPH)
Ricky Andreucci scores
E.J. Abed to third
Batting: RHB Gunner Fleury 0-0: Fly out, F9 (Flyball, 9D, EV 75.6 MPH)
Runner from 3rd tags up, SCORES, no throw by RF
Batting: LHB Judite Elizondo 0-0: Ground out 6-3 (Groundball, 6S, EV 91.3 MPH)
Top of the 4th over - 2 runs, 2 hits, 1 error, 1 left on base; High Desert 2 - Sonoma 2
BOTTOM OF THE 4TH
Sonoma Stompers batting - Pitching for High Desert Mavericks : RHP Colton Verser
Batting: RHB Jonny Souza 0-0: Called Strike
0-1: Ball
1-1: Foul Ball, location: 2F
1-2: Fly out, F8 (Flyball, 8LM, EV 85.0 MPH)
Batting: RHB Bernard Boyd 0-0: Ball
1-0: Ball
2-0: Ball
3-0: Called Strike
3-1: SINGLE (Groundball, 6MD, EV 96.9 MPH)
Batting: SHB Minnie Campbell 0-0: Called Strike
0-1: Foul Ball, location: 23F
0-2: Foul Ball, location: 7LSF
0-2: Ball
1-2: Ball
2-2: Ball
3-2: Foul Ball, location: 3SF
3-2: Base on Balls
Bernard Boyd to second
Batting: LHB Juan Granados 0-0: Ball
1-0: Fly out, F3 (Line Drive, 3L, EV 71.3 MPH)
Lined into DP, U3 (Line Drive, 3L, EV 71.3 MPH)
Bottom of the 4th over - 0 runs, 1 hit, 0 errors, 1 left on base; High Desert 2 - Sonoma 2
TOP OF THE 5TH
High Desert Mavericks batting - Pitching for Sonoma Stompers : RHP Shannon Newkirk
Batting: RHB Paxton Parham 0-0: Called Strike
0-1: Swinging Strike
0-2: Strikes out swinging
Batting: RHB Mitch McGrath 0-0: Foul Ball, location: 25FF
0-1: Ball
1-1: Foul Ball, location: 9LMF
1-2: Ground out 6-3 (Groundball, 6, EV 97.5 MPH)
Batting: SHB Hudson Donlin 0-0: Swinging Strike
0-1: Ball
1-1: Foul Ball, location: 2F
1-2: Strikes out swinging
Top of the 5th over - 0 runs, 0 hits, 0 errors, 0 left on base; High Desert 2 - Sonoma 2
BOTTOM OF THE 5TH
Sonoma Stompers batting - Pitching for High Desert Mavericks : RHP Colton Verser
Batting: RHB Ted Miller 0-0: Ball
1-0: Called Strike
1-1: Fly out, F9 (Flyball, 9, EV 95.6 MPH)
Batting: RHB Mathew Welch 0-0: Ball
1-0: Ball
2-0: Called Strike
2-1: Called Strike
2-2: Ball
3-2: Foul Ball, location: 9LDF
3-2: Base on Balls
Batting: RHB Jeremy Arevalo 0-0: Ball
1-0: Ball
2-0: Called Strike
2-1: Foul Ball, location: 2F
2-2: Fly out, F9 (Flyball, 9S, EV 91.3 MPH)
Pitching: RHP Alfonso Rivera
Batting: RHB Leandro Guzman 0-0: SINGLE (Flyball, 4D, EV 91.9 MPH)
Mathew Welch to second
Batting: RHB Oscar Liriano 0-0: Ball
1-0: Swinging Strike
1-1: Ball
2-1: Foul Ball, location: 2F
2-2: Ball
3-2: Base on Balls
Mathew Welch to third
Leandro Guzman to second
Pinch Hitting: LHB Nicolas Arzola 0-0: Called Strike
0-1: Ball
1-1: Ball
2-1: SINGLE (Line Drive, 8LS, EV 91.3 MPH)
Mathew Welch scores
Leandro Guzman to third
Oscar Liriano to second
Batting: RHB Bernard Boyd 0-0: Called Strike
0-1: Ball
1-1: Swinging Strike
1-2: Ball
2-2: Strikes out swinging
Bottom of the 5th over - 1 run, 2 hits, 0 errors, 3 left on base; High Desert 2 - Sonoma 3
TOP OF THE 6TH
High Desert Mavericks batting - Pitching for Sonoma Stompers : RHP Shannon Newkirk
Now in CF: Luke Ponder
Batting: LHB Ricky Andreucci 0-0: Swinging Strike
0-1: Ball
1-1: Ball
2-1: Called Strike
2-2: SINGLE (Line Drive, 56D, EV 103.1 MPH)
Batting: LHB E.J. Abed 0-0: Fielders Choice at 2nd, 4-6 (Groundball, 4, EV 86.3 MPH)
Batting: RHB Otis Beverly 0-0: Called Strike
0-1: Swinging Strike
0-2: Ball
1-2: Fly out, F9 (Flyball, 9S, EV 96.3 MPH)
Batting: LHB Arwin Lee 0-0: Called Strike
0-1: Swinging Strike
0-2: Ball
1-2: Foul Ball, location: 2F
1-2: Strikes out swinging
Top of the 6th over - 0 runs, 1 hit, 0 errors, 1 left on base; High Desert 2 - Sonoma 3
BOTTOM OF THE 6TH
Sonoma Stompers batting - Pitching for High Desert Mavericks : RHP Alfonso Rivera
Batting: SHB Minnie Campbell 0-0: SINGLE (Flyball, 3D, EV 83.8 MPH)
Batting: LHB Juan Granados 0-0: Ball
1-0: Grounds into double play, 6-4-3 (Groundball, 6, EV 104.4 MPH)
Batting: RHB Ted Miller 0-0: Ball
1-0: Called Strike
1-1: Ball
2-1: Foul Ball, location: 3F
2-2: Ball
3-2: Base on Balls
Batting: RHB Mathew Welch 0-0: Ball
1-0: Ground out 4-3 (Groundball, 4, EV 87.5 MPH)
Bottom of the 6th over - 0 runs, 1 hit, 0 errors, 1 left on base; High Desert 2 - Sonoma 3
TOP OF THE 7TH
High Desert Mavericks batting - Pitching for Sonoma Stompers : RHP Shannon Newkirk
Now at 2B: Oscar Liriano
Now in LF: Dominick Kolar
Batting: RHB Gunner Fleury 0-0: Foul Ball, location: 25F
0-1: Ball
1-1: Foul Ball, location: 9LDF
1-2: Ground out 5-3 (Groundball, 56, EV 86.9 MPH)
Batting: LHB Judite Elizondo 0-0: Foul Ball, location: 3F
0-1: Swinging Strike
0-2: Strikes out swinging
Batting: RHB Paxton Parham 0-0: SINGLE (Groundball, 6MD, EV 100.6 MPH)
Batting: RHB Mitch McGrath 0-0: Called Strike
0-1: Foul Ball, location: 3SF
0-2: Ball
1-2: Ground out 6-3 (Groundball, 56, EV 78.8 MPH)
Top of the 7th over - 0 runs, 1 hit, 0 errors, 1 left on base; High Desert 2 - Sonoma 3
BOTTOM OF THE 7TH
Sonoma Stompers batting - Pitching for High Desert Mavericks : RHP Alfonso Rivera
Batting: RHB Jeremy Arevalo 0-0: DOUBLE (Groundball, 5L, EV 103.1 MPH)
Batting: RHB Leandro Guzman 0-0: Called Strike
0-1: Ball
1-1: SINGLE (Groundball, 56D, EV 95.0 MPH)
Jeremy Arevalo to third
Runner from 3rd tries for Home, SAFE, throw by LF to home
Batting: RHB Oscar Liriano 0-0: Called Strike
0-1: Swinging Strike
0-2: Foul Ball, location: 2F
0-2: Foul Ball, location: 9LMF
0-2: Fly out, F9 (Flyball, 9LSF, EV 83.1 MPH)
Batting: RHB Luke Ponder 0-0: Swinging Strike
0-1: Foul Ball, location: 3FF
0-2: Strikes out swinging
Batting: RHB Bernard Boyd 0-0: Ball
1-0: Called Strike
1-1: SINGLE (Line Drive, 6MD, EV 104.4 MPH)
Leandro Guzman to second
Batting: SHB Minnie Campbell 0-0: Swinging Strike
0-1: Fly out, F7 (Flyball, 7D, EV 81.9 MPH)
Bottom of the 7th over - 1 run, 3 hits, 0 errors, 2 left on base; High Desert 2 - Sonoma 4
TOP OF THE 8TH
High Desert Mavericks batting - Pitching for Sonoma Stompers : RHP Shannon Newkirk
Pitching: RHP Mason Biondo
Batting: SHB Hudson Donlin 0-0: Ground out 6-3 (Groundball, 56, EV 101.3 MPH)
Batting: LHB Ricky Andreucci 0-0: Called Strike
0-1: Called Strike
0-2: Ground out 4-3 (Groundball, 4, EV 88.8 MPH)
Batting: LHB E.J. Abed 0-0: Ball
1-0: Ground out U3 (Groundball, 3, EV 106.3 MPH)
Top of the 8th over - 0 runs, 0 hits, 0 errors, 0 left on base; High Desert 2 - Sonoma 4
BOTTOM OF THE 8TH
Sonoma Stompers batting - Pitching for High Desert Mavericks : RHP Alfonso Rivera
Batting: LHB Juan Granados 0-0: Called Strike
0-1: Foul Ball, location: 2F
0-2: Ball
1-2: Fly out, F7 (Flyball, 7S, EV 85.0 MPH)
Batting: RHB Dominick Kolar 0-0: Swinging Strike
0-1: Fly out, F7 (Flyball, 78M, EV 100.6 MPH)
Batting: RHB Mathew Welch 0-0: Called Strike
0-1: Ball
1-1: Fly out, F8 (Flyball, 8RD, EV 87.5 MPH)
Bottom of the 8th over - 0 runs, 0 hits, 0 errors, 0 left on base; High Desert 2 - Sonoma 4
TOP OF THE 9TH
High Desert Mavericks batting - Pitching for Sonoma Stompers : RHP Mason Biondo
Batting: RHB Otis Beverly 0-0: Called Strike
0-1: Ground out 5-3 (Groundball, 5S, EV 87.5 MPH)
Batting: LHB Arwin Lee 0-0: Ball
1-0: Ball
2-0: SOLO HOME RUN (Flyball, 89XD, EV 96.3 MPH), Distance : 383 ft
Batting: RHB Gunner Fleury 0-0: Swinging Strike
0-1: Foul Ball, location: 5F
0-2: Foul Ball, location: 5FF
0-2: Ball
1-2: Foul Ball, location: 2F
1-2: Ball
2-2: Ball
3-2: Ground out 5-3 (Groundball, 5, EV 80.0 MPH)
Batting: LHB Judite Elizondo 0-0: Fly out, F6 (Popup, 56, EV 58.8 MPH)
Top of the 9th over - 1 run, 1 hit, 0 errors, 0 left on base; High Desert 3 - Sonoma 4
Tuesday, May 21st , 2024 - OOTP Baseball 25.4 Build 64